 Dungeon Crawl Stone Soup version 0.28.0-53-g5a82cb258f (webtiles) character file.

Game seed: 3098852631162743000

133 DolphinCoinslot the Unweaver (level 4, 0/37 HPs)
             Began as a Demonspawn Abyssal Knight on Aug 16, 2022.
             Was a Follower of Lugonu.
             Slain by Terence
             ... wielding a +0 trident
              (4 damage)
             ... on level 3 of the Dungeon.
             The game lasted 00:13:53 (1901 turns).

DolphinCoinslot the Unweaver (DsAK)                 Turns: 1901, Time: 00:13:54

Health: 0/37       AC:  6    Str: 16    XL:     4   Next: 94%
Magic:  15/15      EV: 11    Int: 11    God:    Lugonu [*.....]
Gold:   97         SH:  0    Dex: 13    Spells: 3/3 levels left

rFire   . . .      SeeInvis .   a - +1 falchion
rCold   . . .      Faith    .   (no shield)
rNeg    . . .      Spirit   .   h - +0 ring mail
rPois   .          Reflect  .   (helmet restricted)
rElec   .          Harm     .   (no cloak)
rCorr   .          Rampage  .   (no gloves)
Will    .....                   c - +0 pair of boots
Stlth   +.........              (no amulet)
HPRegen 0.12/turn               d - ring of magical power
MPRegen 0.14/turn               (no ring)

@: attractive, flying
A: antennae 1, powered by pain 2
a: Renounce Religion, Depart the Abyss


You were on level 3 of the Dungeon.
You worshipped Lugonu.
Lugonu was aware of your devotion.
You visited 1 branch of the dungeon, and saw 3 of its levels.
You visited the Abyss 1 time.

You collected 97 gold pieces.

Inventory:

Hand Weapons
 a - a +1 falchion (weapon)
 g - a +0 vorpal hunting sling
Armour
 b - a +0 leather armour
 c - a +0 pair of boots (worn)
 h - a +0 ring mail (worn)
Jewellery
 d - a ring of magical power (left hand)
Scrolls
 f - 3 scrolls of teleportation {unknown}
 j - 2 scrolls of immolation {unknown}
 k - a scroll of silence {unknown}


   Skills:
 + Level 3.6 Fighting
 + Level 2.6 Long Blades
 + Level 2.5 Armour
 + Level 1.9 Dodging
 + Level 3.7 Invocations


You had 3 spell levels left.
You didn't know any spells.
Your spell library contained the following spells:

 Spells                   Type           Power      Damage    Failure   Level
 Ignite Poison            Fire/Tmut/Pois 0%         N/A       89%         3
 Mephitic Cloud           Conj/Pois/Air  0%         N/A       89%         3
 Freezing Cloud           Conj/Ice/Air   0%         6-21      100%        5


Dungeon Overview and Level Annotations

Branches:
Dungeon (3/15)

Altars:
Trog

Annotations:
D:3 Terence


Innate Abilities, Weirdness & Mutations

You have a pair of small antennae on your head.
You sometimes gain power by taking damage.


Message History

Terence is heavily wounded.
Terence shouts, "Now you die!" Terence barely misses you.
You hit Terence but do no damage.
Terence is heavily wounded.
Terence barely misses you.
You hit Terence but do no damage.
Terence is heavily wounded.
Terence hits you with a +0 trident.
You hit Terence but do no damage.
Terence is heavily wounded.
Terence hits you with a +0 trident.
You hit Terence.
Terence is severely wounded.
Terence hits you with a +0 trident!
* * * LOW HITPOINT WARNING * * *
Terence closely misses you.
You hit Terence but do no damage.
Terence is severely wounded.
Terence hits you with a +0 trident.
* * * LOW HITPOINT WARNING * * *
Terence closely misses you.
Okay, then.
Found a ring mail.
Found a scale mail.
It was a potion of attraction.
You feel attractive to monsters. Terence barely misses you.
Terence is attracted toward you. Terence barely misses you.
Terence is attracted toward you.
It was a potion of flight.
You feel very buoyant.
You fly up into the air.
Terence barely misses you. Terence closely misses you.
Terence hits you from afar with a +0 trident!
* * * LOW HITPOINT WARNING * * *
Terence is attracted toward you. Terence closely misses you.
Terence is attracted toward you. Terence closely misses you.
Terence is attracted toward you.
Terence hits you from afar with a +0 trident.
You die...

.......###....#
#########.# .......#
###### #.........#
.......#
############.#########
.......#
#.............# #
..[....#
#.....[.......# #
########
#..ยง..........# #
#...@.........# #
#.............#
#....@........#
#.............#
#[............#
############.


You could see Terence.

Vanquished Creatures
  Jessica (D:3)
  Natasha (D:2)
  An adder (D:2)
  A worm (D:3)
  2 dart slugs
  4 orcs
  6 bats
  2 endoplasms (D:1)
  5 giant cockroaches
  7 goblins
  5 hobgoblins
  3 jackals (D:1)
  2 quokkas (D:1)
  10 ball pythons
  A frilled lizard (D:1)
  5 kobolds
  3 rats
59 creatures vanquished.

Vanquished Creatures (others)
  4 plants (D:2)
4 creatures vanquished.

Grand Total: 63 creatures vanquished

Notes
Turn   | Place    | Note
-------+----------+-------------------------------------------
     0 | Abyss:1  | DolphinCoinslot the Demonspawn Abyssal Knight began the
                  | quest for the Orb.
     0 | Abyss:1  | Reached XP level 1. HP: 18/18 MP: 2/2
     0 | D:1      | Escaped the Abyss
    99 | D:1      | Reached skill level 1 in Dodging
   123 | D:1      | Gained mutation: You sometimes gain a little power by
                  | taking damage. [demonic ancestry]
   123 | D:1      | Reached XP level 2. HP: 15/24 MP: 4/4
   371 | D:1      | Reached * piety under Lugonu
   645 | D:1      | Gained mutation: You sometimes gain power by taking damage.
                  | [demonic ancestry]
   645 | D:1      | Reached XP level 3. HP: 24/29 MP: 5/5
   864 | D:2      | Found a bloodstained altar of Trog.
   921 | D:2      | Found a faded altar of an unknown god.
  1300 | D:2      | Noticed Natasha
  1312 | D:2      | Killed Natasha
  1313 | D:2      | Discovered your monstrous ancestry.
  1313 | D:2      | Gained mutation: You have a pair of small antennae on your
                  | head. [demonic ancestry]
  1313 | D:2      | Reached XP level 4. HP: 18/35 MP: 6/6
  1703 | D:3      | Noticed Jessica
  1710 | D:3      | Killed Jessica
  1852 | D:3      | Noticed Terence
  1901 | D:3      | Slain by Terence

Illustrated notes

Levels and vault maps discovered:
D:1:      heliophobic_arrival_glass_houses, layout_loops_corners, st_stairs_10,
          minmay_tetromino_i4
D:2:      cheibrodos_old_hovel, layout_rooms, basic_altar,
          ebering_ecumenical_altar_hall, grunt_decor_arrowhead, uniq_natasha
D:3:      layout_basic, uniq_terence, uniq_crazy_yiuf_cottage, uniq_jessica

Skill      XL: |  1  2  3 |
---------------+----------+-----
Dodging        | 1 |  1.9
Armour         | 2 |  2.5
Long Blades    | 2 |  2.6
Invocations    | 3 |  3.7
Fighting       | |  3.6

Action                   |  1- 3 |  4- 6 || total
-------------------------+-------+-------++-------
Melee: Falchion          |   152 |    46 ||   198
       Punch             |     2 |       ||     2
Invok: Depart the Abyss  |     1 |       ||     1
  Use: Potion            |       |     2 ||     2
Armor: Leather armour    |    41 |       ||    41
       Ring mail         |    11 |    19 ||    30
Dodge: Dodged            |    88 |    37 ||   125
